 Dungeon Crawl Stone Soup version 0.13.1-28-g3517093 (webtiles) character file.

252 CrazyArbalest the Bolt Thrower (level 4, -1/33 HPs)
             Began as a Demonspawn Hunter on Mar 20, 2014.
             Slain by a hound (4 damage)
             ... on Level 3 of the Dungeon.
             The game lasted 00:13:06 (2481 turns).

CrazyArbalest the Bolt Thrower (Demonspawn Hunter)  Turns: 2481, Time: 00:13:06

HP  -1/33        AC  3     Str 13      XL: 4   Next: 81%
MP   3/3         EV 13     Int 13      God:
Gold 128         SH  0     Dex 13      Spells:  0 memorised,  3 levels left

Res.Fire  : . . .   See Invis. : .   b - +1 crossbow
Res.Cold  : . . .   Warding    : .   d - +0 leather armour
Life Prot.: . . .   Conserve   : .   (no shield)
Res.Poison: .       Res.Corr.  : .   (no helmet)
Res.Elec. : .       Clarity    : .   (no cloak)
Sust.Abil.: . .     Spirit.Shd : .   (no gloves)
Res.Mut.  : .       Stasis     : .   (no boots)
Res.Rott. : .       Flight     : .   (no amulet)
Saprovore : . . .                    (no ring)
                                     (no ring)

@: mildly poisoned, slightly resistant to hostile enchantments, unstealthy
A: powered by death 1, EV +2
a: no special abilities


You were on level 3 of the Dungeon.
You were not hungry.

You visited 1 branch of the dungeon, and saw 3 of its levels.

You collected 108 gold pieces.

Inventory:

Hand weapons
 a - a +0,+0 short sword
 b - a +1,+1 crossbow (weapon)
Missiles
 c - 10 bolts (quivered)
Armour
 d - a +0 leather armour (worn)
 E - a cursed +0 pair of boots
 F - a +0 leather armour
Comestibles
 f - 4 bread rations
 g - a meat ration
 t - an apple
 w - a choko
 z - a chunk of rat flesh
Scrolls
 i - 2 scrolls of blinking {unknown}
 j - 2 scrolls of teleportation {unknown}
 p - a scroll of recharging {unknown}
 q - a scroll of remove curse {unknown}
 s - 2 scrolls of curse jewellery {unknown}
 u - 2 scrolls of identify {unknown}
 v - a scroll of magic mapping {unknown}
 x - a scroll of enchant armour {unknown}
 C - a scroll of curse weapon {unknown}
 D - a scroll of fear {unknown}
Jewellery
 n - a +2 ring of evasion {unknown}
 y - an uncursed amulet of rage {unknown}
 A - an uncursed amulet of faith {unknown}
Potions
 e - 2 potions of resistance {unknown}
 h - a potion of restore abilities {unknown}
 k - a potion of confusion {unknown}
 l - 2 potions of invisibility {unknown}
 m - a potion of brilliance {unknown}
 r - a potion of heal wounds {unknown}
Books
 B - a Necronomicon {highlevel}

   This book is beyond your current level of understanding.

   Spells                             Type                      Level
   Borgnjor's Revivification          Necromancy                   7
   Haunt                              Necromancy/Summoning         7
   Death's Door                       Charms/Necromancy            8
   Necromutation                      Transmutation/Necromancy     8


   Skills:
 + Level 1.3 Fighting
 + Level 1.3 Short Blades
 + Level 4.5 Crossbows
 + Level 1.3 Armour
 + Level 2.6 Dodging
 + Level 0.8 Stealth


You had 3 spell levels left.
You didn't know any spells.

Dungeon Overview and Level Annotations

Branches:
Dungeon (3/27)

Altars:
Cheibriados
Kikubaaqudgha
Makhleb
Vehumet
Xom
Zin


Innate Abilities, Weirdness & Mutations

You are surrounded by a mild repulsion field (EV +2).
You can steal the life force of nearby defeated enemies.


Message History

The hound is lightly wounded.
Firing (i - inventory):
c - 12 bolts (quivered)
Press: ? - help, Shift-Dir - straight line, f/p - hound
Aim: a hound (lightly wounded)
You shoot a bolt. The bolt hits the hound.
The hound is heavily wounded.
* * * LOW HITPOINT WARNING * * *
You feel sick.
Drink which item? (? for menu, Esc to quit)
Okay, then.
Unknown command.
Firing (i - inventory):
c - 11 bolts (quivered)
Press: ? - help, Shift-Dir - straight line, f/p - hound
Aim: a hound (heavily wounded)
You shoot a bolt. The bolt hits the hound.
The hound is severely wounded.
The hound bites you.
* * * LOW HITPOINT WARNING * * *
The hound bites you.
You die...

....######.#....#
.##...#.#....#
...........####
.#....#....#
#.#)..#>....#
............#
#....##....##
#!...##....###
...$(..(.(.h@#
#.######.....#
#........#
#.##.#.### #
#%#.# #....#.#
#......# #[.....#
...#....#


You could see a hound.

Vanquished Creatures
  Terence (D:2)
  4 adders
  3 giant geckos
  An ooze (D:3)
  5 giant cockroaches
  13 hobgoblins
  2 jackals (D:2)
  2 quokkas (D:2)
  11 bats
  6 giant newts (D:1)
  5 goblins
  7 kobolds
  14 rats
74 creatures vanquished.

Notes
Turn   | Place    | Note
--------------------------------------------------------------
     0 | D:1      | CrazyArbalest, the Demonspawn Hunter, began the quest for the Orb.
     0 | D:1      | Reached XP level 1. HP: 16/16 MP: 0/0
   144 | D:1      | Reached skill level 4 in Crossbows
   147 | D:1      | Gained mutation: You can steal the life force of nearby defeated enemies. [demonic ancestry]
   147 | D:1      | Reached XP level 2. HP: 22/22 MP: 1/1
   505 | D:1      | Reached XP level 3. HP: 18/27 MP: 2/2
  1105 | D:2      | Found a burning altar of Makhleb.
  1107 | D:2      | Noticed a blizzard demon
  1108 | D:2      | Found a glowing silver altar of Zin.
  1108 | D:2      | Noticed an angel
  1322 | D:2      | Reached skill level 1 in Short Blades
  1322 | D:2      | Reached skill level 1 in Armour
  1322 | D:2      | Gained mutation: You are surrounded by a mild repulsion field (EV +2). [demonic ancestry]
  1322 | D:2      | Reached XP level 4. HP: 33/33 MP: 3/3
  1336 | D:2      | Noticed Terence
  1589 | D:2      | Killed Terence
  1943 | D:2      | Found an ancient bone altar of Kikubaaqudgha.
  1961 | D:2      | Found a radiant altar of Vehumet.
  1968 | D:2      | Found a shimmering altar of Xom.
  1975 | D:2      | Found a snail-covered altar of Cheibriados.
  2481 | D:3      | Slain by a hound

Action                   |  1- 3 |  4- 6 || total
-------------------------+-------+-------++-------
Melee: Short sword       |   184 |   124 ||   308
 Fire: Crossbow          |    16 |    13 ||    29
 Stab: Sleeping          |     1 |       ||     1
